AoeStats
← 大王同学

Arabia

508440267Analyzed
4v4 RM · 9d ago on Sep 22, 2026· 31m 23s· 8 players
Game mode
Random Map
Map size
Large (8 player)
Population
200
Speed
Normal
Resources
Standard
Victory
Conquest
Starting age
Dark Age
Ending age
Imperial Age
RankedLock teamsTeams togetherTeam positionsShared explorationLock speedFull tech treeHidden civsTurbo modeCheats
Victory
Defeat
🇨🇳 Maya · China
1491
+11
🇨🇳 Magyars · China
1397
+15
1350
+17
🇭🇰 Berbers · Hong Kong SAR China
1254
+20
🇦🇷 Britons · Argentina
1386
-17
🇦🇷 Poles · Argentina
1365
-16
🇨🇳 Burgundians · China
1361
-15
🇹🇷 Maya · Türkiye
1361
-15
。。。。
3:34 Double-Bit Axe
5:59 Loom
10:50 Feudal Age
12:23 Bow Saw
27:16 Castle Age
25:16 Gold Mining
25:43 Horse Collar
27:33 Scale Mail Armor
27:48 Forging
27:30 Cavalier
28:11 Husbandry
PistonForjado
7:51 Loom
11:09 Feudal Age
14:05 Fletching
14:51 Horse Collar
15:07 Double-Bit Axe
17:37 Padded Archer Armor
21:51 Wheelbarrow
21:54 Gold Mining
25:14 Castle Age
25:26 Crossbowman
26:01 Bodkin Arrow
27:48 Ballistics
forever666f
6:45 Loom
9:01 Feudal Age
8:30 Loom
9:39 Horse Collar
11:07 Double-Bit Axe
14:53 Bloodlines
17:22 Scale Barding Armor
19:54 Forging
26:52 Castle Age
28:14 Bow Saw
28:04 Heavy Plow
29:26 Wheelbarrow
28:55 Husbandry
30:23 Chain Barding Armor
forever19f
0:29 Loom
9:57 Feudal Age
12:29 Fletching
13:39 Padded Archer Armor
22:27 Castle Age
20:49 Double-Bit Axe
21:38 Gold Mining
21:29 Horse Collar
22:42 Crossbowman
23:18 Bodkin Arrow
24:20 Bow Saw
25:54 Ballistics
26:54 Wheelbarrow
30:31 Treadmill Crane
大王同学
7:23 Loom
9:36 Feudal Age
15:01 Fletching
18:20 Double-Bit Axe
23:52 Castle Age
22:04 Padded Archer Armor
22:40 Gold Mining
23:19 Horse Collar
24:47 Wheelbarrow
24:57 Bodkin Arrow
24:28 Crossbowman
25:41 Bow Saw
28:56 Leather Archer Armor
30:33 Gold Shaft Mining
30:46 Ballistics
31:10 Stone Mining
31:49 Heavy Plow
小白妈妈
0:29 Loom
9:02 Feudal Age
11:51 Fletching
15:17 Padded Archer Armor
17:00 Double-Bit Axe
20:42 Wheelbarrow
25:07 Castle Age
23:11 Horse Collar
24:27 Gold Mining
25:09 Crossbowman
25:45 Bodkin Arrow
27:21 Ballistics
27:38 Bow Saw
30:35 Hand Cart
31:55 Thumb Ring
Mr.Robin
6:35 Loom
9:18 Feudal Age
10:01 Double-Bit Axe
13:48 Horse Collar
15:43 Scale Barding Armor
22:12 Castle Age
21:10 Bloodlines
22:01 Gold Mining
22:15 Light Cavalry
24:22 Chain Barding Armor
哭稀饭(2125613428)
6:51 Loom
9:27 Feudal Age
10:05 Double-Bit Axe
15:33 Scale Barding Armor
16:30 Wheelbarrow
21:49 Castle Age
19:42 Gold Mining
20:29 Forging
23:23 Gold Shaft Mining
23:12 Chain Barding Armor
23:11 Bow Saw
23:14 Husbandry
34:02 Imperial Age
Connection lost

Rejoining the realm…

Still unreachable

The connection could not be restored.

Session expired

The server has moved on; the page needs a fresh start.